Map: Daybreak LE (Void)

Players

Chris - Winner!

  • Race: Protoss Protoss
  • League: Master
  • Spawn Location: 7:00

Snake

  • Race: Zerg Zerg
  • League: Master
  • Spawn Location: 1:00

VOD

Have the link to the VOD?

Description

Time

  • Played on: Nov. 24, 2016, 5:51 p.m.
  • Length: 16:12
Show
View Real Time Build Order
Export as new Build Order

Chris Protoss - Winner!

Build Orders:  

Get SALT Encoding   

  12  0:01  Probe (Chrono Boost)  
  13  0:12  Probe (Chrono Boost)  
  14  0:17  Pylon  
  14  0:22  Probe (Chrono Boost)  
  15  0:36  Probe (Chrono Boost)  
  15  0:41  Gateway  
  16  0:45  Assimilator  
  16  0:50  Probe (Chrono Boost)  
  17  1:00  Probe (Chrono Boost)  
  19  1:11  Probe (Chrono Boost)  
  19  1:25  Zealot  
  19  1:27  Pylon  
  19  1:30  Cybernetics Core  
  22  1:34  Probe (Chrono Boost)  
  22  1:38  Assimilator  
  21  1:46  Probe (Chrono Boost)  
  22  1:49  Zealot  
  24  2:12  Mothership Core (Chrono Boost)  
  26  2:27  Adept  
  26  2:29  Warp Gate  
  28  2:47  Nexus  
  29  2:52  Probe (Chrono Boost)  
  29  2:55  Pylon  
  28  3:15  Probe (Chrono Boost)  
  29  3:26  Probe (Chrono Boost)  
  30  3:35  Pylon  
  30  3:36  Probe (Chrono Boost)  
  31  3:54  Probe (Chrono Boost)  
  32  3:56  Stargate  
  32  4:01  Probe (Chrono Boost)  
  33  4:04  Probe (Chrono Boost)  
  34  4:11  Probe (Chrono Boost)  
  34  4:15  Probe (Chrono Boost)  
  34  4:22  Probe (Chrono Boost)  
  35  4:25  Probe (Chrono Boost)  
  35  4:29  Pylon  
  36  4:32  Gateway  
  36  4:33  Probe (Chrono Boost)  
  36  4:34  Oracle  
  36  4:36  Probe (Chrono Boost)  
  38  4:45  Probe (Chrono Boost)  
  42  4:46  Probe (Chrono Boost)  
  42  4:49  Fleet Beacon  
  43  4:56  Stargate  
  43  4:57  Probe x2 (Chrono Boost)  
  45  5:07  Probe (Chrono Boost)  
  45  5:09  Probe (Chrono Boost)  
  45  5:14  Assimilator  
  47  5:16  Assimilator  
  47  5:18  Probe (Chrono Boost)  
  47  5:20  Probe (Chrono Boost)  
  49  5:21  Void Ray  
  49  5:27  Pylon  
  54  5:28  Probe (Chrono Boost)  
  54  5:30  Probe (Chrono Boost)  
  55  5:39  Probe (Chrono Boost)  
  55  5:41  Probe (Chrono Boost)  
  57  5:49  Probe (Chrono Boost)  
  58  5:51  Probe (Chrono Boost)  
  58  5:52  Adept  
  61  6:00  Probe (Chrono Boost)  
  61  6:01  Pylon, Carrier  
  61  6:02  Probe (Chrono Boost)  
  69  6:12  Probe (Chrono Boost)  
  70  6:19  Probe (Chrono Boost)  
  70  6:25  Probe (Chrono Boost)  
  72  6:27  Pylon  
  72  6:31  Adept x2  
  76  6:37  Nexus  
  76  6:41  Pylon  
  76  6:44  Pylon  
  76  6:47  Carrier  
  76  6:48  Pylon  
  76  6:49  Probe x2 (Chrono Boost)  
  84  6:59  Probe (Chrono Boost)  
  84  7:00  Probe (Chrono Boost)  
  86  7:03  Graviton Catapult  
  86  7:10  Probe (Chrono Boost)  
  86  7:15  Sentry  
  89  7:18  Probe (Chrono Boost)  
  89  7:20  Probe (Chrono Boost), Adept  
  92  7:23  Carrier  
  92  7:29  Probe (Chrono Boost)  
  93  7:31  Probe (Chrono Boost)  
  100  7:39  Probe (Chrono Boost)  
  100  7:40  Assimilator  
  100  7:41  Probe (Chrono Boost)  
  102  7:45  Assimilator  
  102  7:49  Probe (Chrono Boost)  
  102  7:50  Probe (Chrono Boost)  
  104  7:52  Probe (Chrono Boost)  
  102  7:59  Probe (Chrono Boost)  
  102  8:01  Probe (Chrono Boost)  
  102  8:03  Probe (Chrono Boost)  
  105  8:07  Forge  
  105  8:09  Pylon  
  105  8:10  Probe (Chrono Boost)  
  113  8:13  Probe (Chrono Boost)  
  113  8:15  Adept x2  
  124  8:27  Probe (Chrono Boost)  
  124  8:35  Probe (Chrono Boost)  
  124  8:36  Probe (Chrono Boost)  
  124  8:39  Gateway x2  
  124  8:40  Gateway  
  117  8:57  Probe (Chrono Boost)  
  117  8:58  Probe (Chrono Boost)  
  117  9:00  Probe (Chrono Boost)  
  117  9:01  Carrier  
  110  9:08  Probe (Chrono Boost), Adept  
  110  9:10  Probe (Chrono Boost)  
  110  9:11  Probe (Chrono Boost)  
  117  9:18  Cybernetics Core  
  117  9:27  Pylon x2  
  117  9:28  Pylon  
  117  9:32  Photon Cannon  
  117  9:35  Gateway  
  117  9:36  Photon Cannon  
  117  9:40  Probe (Chrono Boost)  
  117  9:42  Probe (Chrono Boost)  
  117  9:45  Probe (Chrono Boost)  
  117  9:55  Adept x5  
  117  9:56  Protoss Air Weapons Level 1  
  117  9:59  Probe (Chrono Boost)  
  129  10:00  Probe (Chrono Boost)  
  129  10:06  Stargate x2  
  129  10:15  Adept x2  
  129  10:19  Pylon  
  129  10:20  Pylon  
  133  10:22  Pylon  
  133  10:25  Pylon  
  133  10:26  Carrier  
  133  10:27  Protoss Shields Level 1  
  133  10:33  Probe (Chrono Boost)  
  133  10:37  Adept  
  133  10:38  Adept  
  133  10:42  Adept x3  
  147  10:47  Photon Cannon  
  143  10:51  Carrier x2  
  143  10:53  Photon Cannon x2  
  143  10:59  Adept  
  143  11:03  Pylon, Nexus  
  143  11:04  Pylon x3  
  157  11:19  Stargate x2  
  157  11:22  Assimilator  
  157  11:26  Assimilator  
  157  11:29  Adept x3  
  157  11:30  Robotics Facility, Adept x2  
  167  11:46  Photon Cannon x2  
  167  11:47  Photon Cannon  
  167  11:48  Photon Cannon, Carrier  
  167  11:51  Pylon  
  167  11:52  Pylon  
  173  12:06  Carrier  
  173  12:15  Carrier x2  
  185  12:16  Carrier  
  191  12:25  Observer  
  191  12:28  Protoss Air Weapons Level 2  
  198  12:47  Twilight Council  
  198  13:17  Photon Cannon  
  198  13:19  Photon Cannon  
  198  13:21  Photon Cannon  
  198  13:23  Photon Cannon  
  198  13:25  Photon Cannon, Carrier x2  
  194  13:28  Pylon  
  178  13:40  Protoss Shields Level 2, Carrier  
  190  13:51  Templar Archives  
  190  14:18  Adept  
  192  14:28  Carrier  
  196  14:49  High Templar x2  
  196  14:50  Psionic Storm  
  200  15:14  Nexus  
  200  15:15  Pylon  
  196  15:26  High Templar x2  
  200  15:34  Observer  
Show
View Real Time Build Order
Export as new Build Order

Snake Zerg 

Build Orders: Pool First 

Get SALT Encoding   

  12  0:19  Spawning Pool  
  11  0:23  Drone  
  11  0:27  Drone  
  13  0:33  Drone  
  14  0:40  Overlord  
  14  1:06  Zergling x6  
  17  1:18  Hatchery  
  16  1:20  Zergling x2  
  17  1:28  Zergling x2  
  18  1:37  Queen  
  20  1:41  Zergling x2  
  21  1:49  Zergling x2  
  22  2:00  Overlord  
  21  2:23  Drone  
  21  2:24  Drone  
  21  2:28  Extractor, Queen  
  24  2:30  Queen  
  24  2:31  Drone  
  27  2:39  Drone  
  26  2:51  Drone x3  
  26  2:55  Drone  
  28  3:06  Drone  
  28  3:07  Drone  
  28  3:12  Drone x2  
  30  3:20  Drone x2  
  32  3:28  Drone  
  32  3:29  Drone, Queen  
  36  3:36  Overlord x2  
  36  3:51  Overlord  
  36  3:56  Drone x3  
  36  3:57  Drone x4  
  42  4:12  Drone x2  
  44  4:20  Queen x2  
  48  4:27  Spore Crawler, Drone  
  48  4:30  Spore Crawler  
  47  4:35  Drone  
  48  4:46  Zergling x6  
  48  4:47  Zergling x6  
  48  4:48  Hatchery  
  48  4:51  Zergling x4  
  55  4:56  Lair  
  55  5:01  Zergling x6  
  58  5:07  Zergling x4  
  58  5:08  Overlord  
  60  5:17  Overlord  
  60  5:28  Drone  
  61  5:38  Drone  
  61  5:39  Drone  
  61  5:40  Spore Crawler, Extractor  
  61  5:41  Drone x3  
  61  5:42  Drone x3  
  67  5:43  Drone  
  67  5:46  Extractor  
  67  5:47  Extractor  
  66  5:53  Metabolic Boost  
  66  5:57  Hydralisk Den  
  65  6:05  Drone, Evolution Chamber  
  65  6:06  Drone x2  
  65  6:07  Drone  
  65  6:08  Drone  
  65  6:09  Drone  
  65  6:10  Drone x2  
  72  6:12  Drone  
  72  6:13  Drone x2  
  72  6:18  Overlord x2  
  75  6:28  Overlord  
  75  6:33  Zerg Missile Weapons Level 1  
  75  6:39  Overlord  
  75  6:42  Hydralisk  
  75  6:43  Hydralisk x4  
  75  6:45  Drone x3  
  75  6:46  Drone  
  89  6:55  Hydralisk x2  
  89  6:57  Drone x2  
  89  6:58  Drone x2  
  97  7:02  Drone x3  
  97  7:05  Hydralisk  
  102  7:13  Hydralisk  
  102  7:14  Hydralisk x2  
  105  7:20  Hydralisk  
  106  7:26  Overlord  
  106  7:27  Overlord  
  106  7:29  Overlord x3  
  106  7:32  Extractor  
  106  7:34  Extractor, Overlord x2  
  106  7:36  Drone x2  
  106  7:38  Overlord  
  106  7:41  Unknown  
  106  7:44  Overlord x2  
  106  7:57  Hydralisk x2  
  106  7:58  Hydralisk x3  
  116  8:05  Hydralisk x2  
  116  8:06  Hydralisk  
  116  8:12  Overlord  
  122  8:14  Zergling x14  
  122  8:16  Drone  
  122  8:17  Drone x2  
  122  8:18  Drone  
  122  8:19  Drone  
  134  8:24  Drone  
  135  8:27  Zergling x6  
  135  8:32  Hydralisk x3  
  144  8:45  Hydralisk x4  
  148  8:48  Overlord  
  148  8:55  Hydralisk  
  135  8:56  Hydralisk x5  
  135  8:59  Unknown, Hydralisk  
  132  9:03  Hydralisk  
  132  9:04  Hydralisk  
  132  9:06  Zergling x6  
  132  9:07  Zergling x2  
  132  9:09  Zergling x2  
  136  9:10  Zergling x2  
  136  9:15  Drone  
  134  9:25  Hatchery  
  133  9:34  Hydralisk x4  
  133  9:35  Hydralisk, Hatchery  
  142  9:42  Hydralisk x3  
  148  9:48  Drone  
  148  9:49  Drone x3  
  147  9:58  Zerg Missile Weapons Level 2  
  147  10:02  Hydralisk x5  
  147  10:04  Drone  
  152  10:16  Overseer  
  152  10:17  Drone  
  152  10:18  Drone x4  
  152  10:19  Drone  
  152  10:20  Drone x2  
  160  10:22  Queen x2  
  160  10:28  Infestation Pit  
  162  10:33  Hydralisk x3  
  158  10:44  Hydralisk x5  
  168  10:52  Drone x3  
  168  10:53  Drone, Extractor  
  168  10:55  Queen  
  173  10:59  Queen  
  175  11:04  Pathogen Glands  
  175  11:06  Queen  
  175  11:10  Hydralisk x3  
  183  11:15  Drone x3  
  183  11:16  Drone x3  
  189  11:25  Overlord  
  189  11:30  Overlord x4  
  189  11:41  Spore Crawler  
  189  11:42  Spore Crawler x2  
  186  11:51  Spore Crawler  
  186  11:52  Infestor  
  186  11:53  Infestor x5  
  197  12:00  Infestor  
  193  12:02  Queen  
  193  12:03  Extractor  
  193  12:04  Extractor  
  193  12:05  Drone  
  193  12:06  Drone x5  
  199  12:10  Extractor  
  199  12:12  Drone  
  199  12:14  Spore Crawler, Zerg Ground Armor Level 1  
  198  12:16  Spore Crawler, Drone x2  
  198  12:17  Spore Crawler  
  198  12:22  Spore Crawler  
  198  12:23  Spore Crawler x3  
  198  12:24  Spore Crawler, Drone  
  198  12:25  Spore Crawler x2, Drone x2  
  194  12:43  Infestor x2  
  198  12:50  Drone  
  199  12:55  Spore Crawler x2  
  199  12:56  Spore Crawler  
  199  12:57  Spore Crawler  
  195  13:03  Queen  
  197  13:08  Hydralisk  
  196  13:33  Infestor x4  
  189  14:01  Queen x2  
  189  14:02  Queen, Hydralisk x2  
  173  14:12  Hydralisk x5  
  173  14:13  Hydralisk x10  
  199  14:29  Hydralisk  
  199  14:30  Hydralisk x2  
  199  14:37  Queen  
  199  14:42  Hive  
  199  14:50  Overlord x2  
  193  15:07  Hydralisk x3  
  193  15:11  Hydralisk  
  193  15:13  Spine Crawler x2  
  193  15:14  Zergling x10  
  197  15:15  Spine Crawler, Hydralisk x2  
  161  15:23  Hydralisk  
  161  15:24  Hydralisk x23  
  189  15:29  Hydralisk x2  
  189  15:35  Hydralisk x4  
  193  15:42  Hydralisk  
  193  15:43  Hydralisk  
  193  15:48  Hydralisk  
Tags
 
Add a new tag
Caveats
  • Supply blocks, unpowered buildings, or Contaminate may cause inaccurate times.
  • Supply counts are checked every 10 seconds.